 Dungeon Crawl Stone Soup version 0.25.0-10-g039870ee82 (console) character file.

Game seed: 6665104078606001813

107 Garrluk the Chucker (level 4, -3/44 HPs)
             Began as an Ogre Hunter on June 22, 2020.
             Splashed by a jelly's acid (6 damage)
             ... on level 4 of the Dungeon.
             The game lasted 00:12:49 (2597 turns).

Garrluk the Chucker (Ogre Hunter)                   Turns: 2597, Time: 00:12:50

Health: -3/44      AC: -9    Str: 17    XL:     4   Next: 86%
Magic:  4/4        EV: 10    Int: 12    God:
Gold:   165        SH:  0    Dex:  9    Spells: 3/3 levels left

rFire    . . .     SeeInvis .   A - +2 hand axe (drain)
rCold    . . .     Gourm    .   (no shield)
rNeg     . . .     Faith    .   b - +0 robe
rPois    .         Spirit   .   (helmet restricted)
rElec    .         Reflect  .   (no cloak)
rCorr    .         Harm     .   (gloves unavailable)
MR       .....                  (boots unavailable)
Stlth    +.........             e - amulet of magic regeneration
HPRegen  0.14/turn              (no ring)
MPRegen  0.34/turn              (no ring)

@: corroded
A: large, unfitting armour, tough skin 1
a: no special abilities


You were on level 4 of the Dungeon.
You were not hungry.

You visited 1 branch of the dungeon, and saw 4 of its levels.

You collected 165 gold pieces.

Inventory:

Hand Weapons
 a - a +0 short sword
 j - a +0 whip
 A - a +2 hand axe of draining (weapon)
Missiles
 c - 3 large rocks (quivered)
 d - 3 throwing nets
 h - 118 stones
 p - 11 poisoned darts
 z - 5 boomerangs
Armour
 b - a +0 robe (worn)
Jewellery
 e - an amulet of magic regeneration (around neck)
Scrolls
 g - 3 scrolls of remove curse {unknown}
 i - 4 scrolls of identify {unknown}
 k - 4 scrolls of teleportation {unknown}
 l - 2 scrolls of amnesia {unknown}
 n - 3 scrolls of magic mapping {unknown}
 s - 3 scrolls of fog {unknown}
 w - 2 scrolls of enchant armour {unknown}
 y - a scroll of fear {unknown}
Potions
 m - 2 potions of haste {unknown}
 o - 3 potions of curing {unknown}
 q - a potion of cancellation {unknown}
 r - a potion of mutation {unknown}
 t - 2 potions of degeneration {unknown}
 u - a potion of heal wounds {unknown}
 v - a potion of flight {unknown}
 x - a potion of berserk rage {unknown}
Comestibles
 f - 4 rations


   Skills:
 - Level 2.6 Fighting
 * Level 6.0 Throwing
 - Level 1.7 Dodging
 - Level 0.6 Stealth


You had 3 spell levels left.
You didn't know any spells.
Your spell library was empty.

Dungeon Overview and Level Annotations

Branches:
Dungeon (4/15)
 Temple: D:4-7

Altars:


Innate Abilities, Weirdness & Mutations

You are too large for most types of armour.
You have tough skin. (AC +1)


Message History

Aim: a jelly (almost dead)
You throw a large rock.
The large rock hits the jelly but does no damage.
The jelly is almost dead.
The jelly hits you.
You are splashed with acid!
* * * LOW HITPOINT WARNING * * *
Throwing (i - inventory. (/) - cycle)
c - 4 large rocks (quivered)
Press: ? - help, Shift-Dir - straight line, f/p - jelly
Aim: a jelly (almost dead)
You throw a large rock.
The large rock hits the jelly but does no damage.
The jelly is almost dead.
The jelly hits you.
* * * LOW HITPOINT WARNING * * *
The acid corrodes you!
You are splashed with acid.
* * * LOW HITPOINT WARNING * * *
The jelly hits you.
* * * LOW HITPOINT WARNING * * *
The acid corrodes you!
You are splashed with acid.
You die...

#.. #.### ##+#
#.#.. #...#
#.#.# .....#
#.#.### ......#
#.#.#.#
.......###....#
.......'J@..<#
.......####.##
......# #.##
.....# ## #...#
##+#


You could see a jelly.

Vanquished Creatures
  A hound (D:4)
  2 adders (D:2)
  2 oozes
  A worm (D:2)
  A dart slug (D:1)
  A leopard gecko (D:1)
  An orc (D:3)
  8 bats
  3 giant cockroaches
  4 goblins
  5 hobgoblins
  A jackal (D:1)
  3 frilled lizards
  8 kobolds
  3 rats (D:1)
44 creatures vanquished.

Notes
Turn   | Place    | Note
-------+----------+-------------------------------------------
     0 | D:1      | Garrluk the Ogre Hunter began the quest for the Orb.
     0 | D:1      | Reached XP level 1. HP: 22/22 MP: 1/1
   528 | D:1      | Reached XP level 2. HP: 28/29 MP: 2/2
   903 | D:1      | Reached XP level 3. HP: 35/36 MP: 3/3
   983 | D:1      | Reached skill level 5 in Throwing
  1619 | D:2      | Reached XP level 4. HP: 26/44 MP: 4/4
  2593 | D:4      | Reached skill level 6 in Throwing
  2597 | D:4      | Splashed by a jelly's acid

Illustrated notes

Levels and vault maps discovered:
D:1:      dpeg_arrival_stone_temple_mockup, layout_loops_corners, minmay_unequal
D:2:      layout_loops_ring, minmay_misc_feat_x, minmay_box_of_dots
D:3:      layout_loops_ring, first_ration
D:4:      layout_loops_corners, ebering_ghost_disaster_area,
          nicolae_xom_altar_mimics, uniq_robin

Skill      XL: |  1  2  3  4 |
---------------+-------------+-----
Throwing       | 5 6 |  6.0
Fighting       | |  2.6
Dodging        | |  1.7
Stealth        | |  0.6

Action                   |  1- 3 |  4- 6 || total
-------------------------+-------+-------++-------
Melee: Short sword       |    21 |       ||    21
       Whip              |    76 |    28 ||   104
       Hand axe          |       |     1 ||     1
Throw: Stone             |    78 |       ||    78
       Dart              |    40 |    14 ||    54
       Large rock        |     5 |     2 ||     7
       Boomerang         |       |     4 ||     4
  Eat: Chunk             |     2 |     1 ||     3
       Ration            |       |     1 ||     1
Armor: Robe              |    48 |    10 ||    58
Dodge: Dodged            |    80 |    17 ||    97
